 Dungeon Crawl Stone Soup version 0.17.1-2-g5865329 (webtiles) character file.

14373 Xandaros the Severer (level 11, -4/104 HPs)
             Began as a Minotaur Berserker on Jan 24, 2016.
             Was an Elder of Trog.
             Slain by Maud
             ... wielding a +2 scimitar of draining
              (27 damage)
             ... on level 10 of the Dungeon.
             The game lasted 01:32:39 (16756 turns).

Xandaros the Severer (Minotaur Berserker)          Turns: 16756, Time: 01:32:39

Health: -4/104     AC: 20    Str: 25    XL:     11   Next: 87%
Magic:  10/10      EV:  7    Int:  4    God:    Trog [****..]
Gold:   1354       SH:  0    Dex: 10    Spells: 0 memorised, 10 levels left

rFire  . . .     SeeInvis .     P - +3 executioner's axe (chop)
rCold  . . .     Clarity  .     A - +0 plate armour
rNeg   . . .     SustAt   +     (shield currently unavailable)
rPois  +         Gourm    .     (helmet restricted)
rElec  .         Spirit   .     p - +0 cloak
rCorr  .         Warding  .     z - +0 pair of gloves
rMut   +         Stasis   .     e - +2 pair of boots {Stlth+}
MR     ++...                    r - amulet of resist mutation
Stlth  ..........               G - ring of poison resistance
                                j - ring of sustain attributes

@: regenerating, heavily drained, very resistant to hostile enchantments,
extremely unstealthy
A: retaliatory headbutt, horns 2
a: Berserk, Trog's Hand, Brothers in Arms, Burn Spellbooks, Renounce Religion


You were on level 10 of the Dungeon.
You worshipped Trog.
Trog was greatly pleased with you.
You were not hungry.

You visited 3 branches of the dungeon, and saw 15 of its levels.
You also visited: Bailey and Ice Cave.

You collected 1770 gold pieces.
You spent 416 gold pieces at shops.

Inventory:

Hand Weapons
 a - a +1 hand axe
 x - a +4 antimagic demon trident
 E - a +0 war axe
 P - a +3 executioner's axe of chopping (weapon)
Missiles
 N - 20 tomahawks of returning
 R - a silver javelin (quivered)
 S - 2 poisoned tomahawks
Armour
 e - a +2 pair of boots of stealth (worn)
 p - a +0 cloak (worn)
 v - a +2 ring mail of magic resistance
 z - a +0 pair of gloves (worn)
 A - a +0 plate armour (worn)
 C - a troll hide
Jewellery
 j - a ring of sustain attributes (left hand)
 r - an amulet of resist mutation (around neck)
 G - a ring of poison resistance (right hand)
 J - an uncursed ring of fire
Wands
 g - a wand of disintegration (9)
Scrolls
 k - a scroll of teleportation
 l - 2 scrolls of enchant weapon
 m - 2 scrolls of random uselessness
 s - 8 scrolls of remove curse
 t - 2 scrolls of recharging
 y - 2 scrolls of fear
 B - a scroll of silence
 I - a scroll of blinking
 O - 2 scrolls of enchant armour
Potions
 b - a potion of degeneration
 d - 3 potions of ambrosia
 i - a potion of curing
 n - a potion of flight
 o - a potion of magic {unknown}
 q - a potion of might
 w - a potion of lignification {unknown}
 D - 4 potions of brilliance
 F - 3 potions of poison
 K - a potion of haste {unknown}
 M - a potion of cancellation {unknown}
 Q - a potion of resistance {unknown}
Books
 u - a book of Burglary

   Spells                             Type                      Level
   a - Swiftness                      Charms/Air                   2
   b - Passwall                       Transmutation/Earth          3
   c - Passage of Golubria            Translocation                4
   d - Lee's Rapid Deconstruction     Earth                        5
   e - Darkness                       Hexes                        6
   f - Invisibility                   Hexes                        6
   Trog disapproves of the use of such an item.
 H - a book of Death

   Spells                             Type                      Level
   a - Corpse Rot                     Necromancy                   2
   b - Sublimation of Blood           Necromancy                   2
   c - Agony                          Necromancy                   5
   d - Dispel Undead                  Necromancy                   5
   e - Excruciating Wounds            Charms/Necromancy            5
   f - Bolt of Draining               Conjuration/Necromancy       5
   Trog disapproves of the use of such an item.
 L - a book of Envenomations

   Spells                             Type                      Level
   a - Spider Form                    Transmutation/Poison         3
   b - Alistair's Intoxication        Transmutation/Poison         4
   c - Olgreb's Toxic Radiance        Poison                       4
   d - Poisonous Cloud                Conjuration/Poison/Air       6
   Trog disapproves of the use of such an item.
Comestibles
 c - 6 bread rations
 f - 4 meat rations


   Skills:
 + Level 12.0(9.4) Fighting
 * Level 15.8(13.0) Axes
 + Level 11.4(8.8) Armour
 - Level 2.5(0.4) Dodging


You had 10 spell levels left.
You didn't know any spells.

Dungeon Overview and Level Annotations

Branches:
Dungeon (10/15)            Temple (1/1) D:4             Orc (4/4) D:9
   Lair: D:8-11         Elf: Orc:3-4

Altars:
Ashenzari
Cheibriados
Dithmenos
Elyvilon
Fedhas
Gozag
Kikubaaqudgha
Makhleb
Nemelex Xobeh
Okawaru
Qazlal
Ru
Sif Muna
Trog
Vehumet
Xom
Yredelemnul
Zin
The Shining One
Beogh

Shops:
D:4 ?   Orc:2 [(   Orc:4 [}(}

Annotations:
D:10 Maud, Sonja


Innate Abilities, Weirdness & Mutations

You reflexively headbutt those who attack you in melee.
You have a pair of horns on your head.


Message History

The necrophage is moderately damaged.
You slash Maud!
Maud is severely wounded.
You feel the effects of Trog's Hand fading.
You slice Maud!!
Maud is almost dead.
Maud hits you with a scimitar of draining!
* * * LOW HITPOINT WARNING * * *
You feel drained.
* * * LOW HITPOINT WARNING * * *
The necrophage completely misses you.
You closely miss Maud.
Maud is almost dead.
You hit the necrophage.
The necrophage is heavily damaged.
Maud hits you but does no damage.
You feel drained. The necrophage closely misses you. You furiously retaliate!
You headbutt the necrophage, but do no damage.
Maud hits you with a scimitar of draining!!
You die...

..<.... #........
#........ #
#.....>..
#.########........
#)................
#........n........
#.......@@........
#.########........
#........
#........
#........
#........
#........ #
#........ #
#........ #


You could see Maud and a necrophage.

Vanquished Creatures
  Erolcha (D:8)
  3 orc high priests (Orc:4)
  Pikel (D:8)
  An orc knight (Orc:4)
  4 orc sorcerers (Orc:4)
  Joseph (D:8)
  3 trolls (Orc:4)
  Prince Ribbit (D:6)
  A trapdoor spider zombie (D:8)
  The ghost of PossumBlood the Archer, an amateur HEHu (D:4)
  A deep elf mage (D:9)
  2 hippogriffs
  A hungry ghost (D:8)
  3 ice beasts
  2 sky beasts
  22 orc warriors
  A necrophage (D:9)
  2 slaves (D:8)
  A phantom (D:7)
  8 ogres
  A big kobold (D:7)
  4 giant frogs
  A gnoll sergeant (Orc:4)
  3 scorpions
  A crimson imp (D:7)
  A giant frog zombie (D:8)
  22 orc priests
  A giant frog skeleton (D:8)
  25 orc wizards
  2 hounds
  9 worker ants
  4 iguanas
  A hound zombie (D:6)
  2 hound skeletons
  11 adders
  3 worker ant zombies
  10 gnolls
  13 white imps
  2 shadow imps
  An ooze (D:2)
  An ufetubus (IceCv)
  An adder skeleton (D:7)
  2 adder zombies
  5 worms
  2 giant geckos
  139 orcs
  4 giant cockroaches
  17 goblins
  10 hobgoblins
  6 jackals
  2 quokkas
  6 bats
  A giant gecko skeleton (D:5)
  9 giant newts
  22 kobolds
  9 rats
  2 butterflies (D:4)
415 creatures vanquished.

Vanquished Creatures (collateral kills)
  3 orc knights (Orc:4)
  A troll (Orc:3)
  An orc warrior (Orc:2)
  4 orc priests
  3 orc wizards (Orc:2)
  6 white imps (Orc:2)
  5 orcs
23 creatures vanquished.

Vanquished Creatures (others)
  A slave (D:8)
  7 ufetubi (IceCv)
  3 kobolds (Bailey)
11 creatures vanquished.

Grand Total: 449 creatures vanquished

Notes
Turn   | Place    | Note
--------------------------------------------------------------
     0 | D:1      | Xandaros the Minotaur Berserker began the quest for the Orb.
     0 | D:1      | Reached XP level 1. HP: 19/19 MP: 0/0
   283 | D:1      | Reached XP level 2. HP: 27/27 MP: 1/1
   446 | D:1      | Reached skill level 4 in Fighting
   821 | D:1      | Reached ** piety under Trog
  1105 | D:2      | Reached XP level 3. HP: 33/33 MP: 2/2
  2315 | D:3      | Reached XP level 4. HP: 24/41 MP: 3/3
  2867 | D:3      | Noticed an ice beast
  2920 | D:3      | Killed an ice beast
  2920 | D:3      | Reached skill level 5 in Fighting
  2920 | D:3      | Reached skill level 5 in Axes
  2920 | D:3      | Reached XP level 5. HP: 48/48 MP: 4/4
  3455 | D:4      | Reached skill level 6 in Axes
  3478 | D:4      | Reached XP level 6. HP: 51/56 MP: 5/5
  3579 | D:4      | Noticed PossumBlood's ghost (amateur HEHu)
  3955 | D:4      | Found a staircase to the Ecumenical Temple.
  3960 | Temple   | Entered the Ecumenical Temple
  4382 | D:4      | Killed PossumBlood's ghost
  4382 | D:4      | Reached skill level 7 in Axes
  4492 | D:4      | Found Owna's Magic Scroll Boutique.
  4500 | D:4      | Bought a scroll of teleportation for 33 gold pieces
  4500 | D:4      | Bought a scroll of remove curse for 33 gold pieces
  4500 | D:4      | Bought a scroll of remove curse for 33 gold pieces
  4500 | D:4      | Bought a scroll of fear for 38 gold pieces
  4767 | D:5      | Entered Level 5 of the Dungeon
  4806 | D:5      | Found a bloodstained altar of Trog.
  4824 | D:5      | Reached XP level 7. HP: 46/63 MP: 6/6
  4922 | D:5      | Reached skill level 5 in Armour
  4926 | D:5      | Found a shattered altar of Ashenzari.
  5316 | D:5      | Reached *** piety under Trog
  5668 | D:5      | Reached skill level 8 in Axes
  6116 | D:6      | Reached XP level 8. HP: 68/71 MP: 7/7
  6168 | D:6      | Reached skill level 9 in Axes
  6331 | D:6      | Noticed Prince Ribbit
  6332 | D:6      | Found an opulent altar of Gozag.
  6448 | D:6      | Killed Prince Ribbit
  6930 | D:7      | Reached skill level 10 in Axes
  6938 | D:7      | Found a white marble altar of Elyvilon.
  7211 | D:7      | Reached **** piety under Trog
  7248 | D:7      | Reached XP level 9. HP: 68/81 MP: 8/8
  7803 | D:8      | Found a snail-covered altar of Cheibriados.
  7831 | D:8      | Noticed Erolcha
  7846 | D:8      | Killed Erolcha
  7846 | D:8      | Reached skill level 11 in Axes
  8032 | D:8      | Found a flagged portal.
  8085 | D:8      | Reached skill level 12 in Axes
  8219 | Bailey   | Entered a bailey
  8538 | D:8      | Reached XP level 10. HP: 91/91 MP: 9/9
  8781 | D:8      | Noticed Pikel
  8799 | D:8      | Noticed Joseph
  8805 | D:8      | HP: 4/91 [disintegration (21)]
  8901 | D:7      | HP: 3/91 [sky beast (6)]
  9285 | D:8      | Killed Pikel
  9358 | D:8      | Killed Joseph
  9451 | D:8      | Found a sparkling altar of Nemelex Xobeh.
  9451 | D:8      | Found an ancient bone altar of Kikubaaqudgha.
  9611 | D:8      | Found a deep blue altar of Sif Muna.
  9612 | D:8      | Found a shadowy altar of Dithmenos.
  9741 | D:9      | Reached skill level 13 in Axes
  9760 | D:9      | Reached skill level 10 in Fighting
 10765 | D:9      | Reached ***** piety under Trog
 10767 | D:9      | Found a staircase to the Orcish Mines.
 11014 | Orc:1    | Entered Level 1 of the Orcish Mines
 11624 | Orc:1    | Received a gift from Trog
 12061 | Orc:2    | Found Zoruwkiu's Weapon Shop.
 12191 | Orc:2    | Reached skill level 10 in Armour
 12263 | Orc:2    | Found a frozen archway.
 12263 | Orc:2    | Reached skill level 14 in Axes
 12364 | IceCv    | Entered an ice cave
 13062 | Orc:2    | Found Anucwugu's Armour Shop.
 13073 | Orc:2    | Bought a +2 pair of boots of stealth for 279 gold pieces
 13380 | Orc:2    | Received a gift from Trog
 13491 | Orc:3    | Reached XP level 11. HP: 55/101 MP: 10/10
 13688 | Orc:4    | Entered Level 4 of the Orcish Mines
 14418 | Orc:4    | Paralysed by an orc sorcerer for 2 turns
 14425 | Orc:4    | Received a gift from Trog
 15376 | Orc:4    | Noticed an orc high priest
 15377 | Orc:4    | Noticed an orc high priest
 15383 | Orc:4    | Found a roughly hewn altar of Beogh.
 15745 | Orc:4    | Killed an orc high priest
 15745 | Orc:4    | Reached skill level 15 in Axes
 16419 | Orc:4    | Killed an orc high priest
 16472 | Orc:4    | Noticed an orc high priest
 16486 | Orc:4    | Killed an orc high priest
 16503 | Orc:4    | Found Ledghiex's Armour Shoppe.
 16503 | Orc:4    | Found Elilutyk's Gadget Boutique.
 16508 | Orc:4    | Found Heykhoxt's Antique Weapon Shoppe.
 16508 | Orc:4    | Found Toecs's Gadget Boutique.
 16698 | D:10     | Entered Level 10 of the Dungeon
 16711 | D:10     | Noticed Sonja
 16737 | D:10     | Noticed Maud
 16756 | D:10     | Slain by Maud

Action                   |  1- 3 |  4- 6 |  7- 9 | 10-12 || total
-------------------------+-------+-------+-------+-------++-------
Melee: Hand axe          |   108 |   131 |   124 |       ||   363
       War axe           |       |       |   232 |   218 ||   450
       Executioner's axe |       |       |       |   290 ||   290
Throw: Tomahawk          |       |       |    16 |    16 ||    32
       Javelin           |       |       |       |     4 ||     4
Invok: Berserk           |     1 |     1 |     6 |     4 ||    12
       Trog's Hand       |     1 |     1 |     4 |     4 ||    10
       Brothers in Arms  |       |       |       |     7 ||     7
       Burn Spellbooks   |       |       |       |     1 ||     1
  Use: Scroll            |     3 |     7 |     3 |    11 ||    24
       Potion            |       |       |     3 |     2 ||     5
 Stab: Invisible         |       |       |     7 |       ||     7
       Distracted        |       |       |       |     1 ||     1
  Eat: Chunk             |     6 |     6 |    11 |    21 ||    44
       Pizza             |       |     1 |       |     2 ||     3
       Meat ration       |       |     1 |       |     1 ||     2
       Bread ration      |       |       |     1 |       ||     1
       Beef jerky        |       |       |       |     2 ||     2
       Royal jelly       |       |       |       |     1 ||     1
